 Dungeon Crawl Stone Soup version 0.24.0-123-gd5b16e6ec5 (webtiles) character file.

Game seed: 5319504710979672286, levelgen mode: deterministic

375 Mevorra the Bolt Thrower (level 7, -6/41 HPs)
             Began as a Kobold Hunter on Jan 24, 2020.
             Was an Initiate of Qazlal.
             Mangled by a crimson imp
             ... wielding a +0 dagger of chaos
              (24 damage)
             ... on level 4 of the Dungeon.
             The game lasted 00:24:15 (2733 turns).

Mevorra the Bolt Thrower (Kobold Hunter)            Turns: 2733, Time: 00:24:17

Health: -6/41      AC:  4    Str:  9    XL:     7   Next: 3%
Magic:  7/7        EV: 15    Int: 13    God:    Qazlal [......]
Gold:   208        SH:  0    Dex: 17    Spells: 6/6 levels left

rFire    . . .     SeeInvis .   n - +2 dagger (drain)
rCold    . . .     Gourm    .   (shield restricted)
rNeg     . . .     Faith    .   c - +0 leather armour
rPois    .         Spirit   .   (no helmet)
rElec    .         Reflect  .   (no cloak)
rCorr    .         Harm     .   o - +0 pair of gloves
MR       .....                  (no boots)
Stlth    ++........             (no amulet)
HPRegen  0.13/turn              (no ring)
MPRegen  0.10/turn              (no ring)

@: lethally poisoned (-6 -> -15)
A: small, carnivore
a: Renounce Religion


You were on level 4 of the Dungeon.
You worshipped Qazlal.
Qazlal was noncommittal.
You were completely stuffed.

You visited 2 branches of the dungeon, and saw 5 of its levels.

You collected 208 gold pieces.

Inventory:

Hand Weapons
 a - a +1 hand crossbow
 n - a +2 dagger of draining (weapon)
Missiles
 d - 50 bolts
Armour
 c - a +0 leather armour (worn)
 o - a +0 pair of gloves (worn)
Scrolls
 b - 3 scrolls of teleportation {unknown}
 e - 4 scrolls of remove curse {unknown}
 g - a scroll of amnesia {unknown}
 j - a scroll of random uselessness {unknown}
 k - 3 scrolls of immolation {unknown}
 l - 5 scrolls of identify {unknown}
 p - a scroll of enchant armour {unknown}
 w - 2 scrolls of magic mapping {unknown}
Potions
 h - 3 potions of agility {unknown}
 i - 2 potions of curing
 m - 2 potions of flight {unknown}
 q - a potion of lignification {unknown}
 r - 2 potions of degeneration {unknown}
 t - 2 potions of haste {unknown}
 x - a potion of resistance {unknown}
Comestibles
 f - 5 rations
 s - a chunk of flesh


   Skills:
 + Level 3.6 Fighting
 + Level 2.1 Short Blades
 + Level 7.7 Crossbows
 + Level 1.2 Armour
 + Level 3.5 Dodging
 - Level 1.3 Stealth


You had 6 spell levels left.
You didn't know any spells.
Your spell library was empty.

Dungeon Overview and Level Annotations

Branches:
Dungeon (4/15)             Temple (1/1) D:4

Altars:
Cheibriados
Dithmenos
Elyvilon
Gozag
Kikubaaqudgha
Makhleb
Nemelex Xobeh
Qazlal
Ru
Sif Muna
Trog
Uskayaw
Vehumet
Xom
The Shining One

Annotations:
D:4 exclusion: statue


Innate Abilities, Weirdness & Mutations

You are small and have problems with some larger weapons.
You are carnivorous and can eat meat at any time.


Message History

You shoot a bolt. The bolt barely misses the crimson imp.
You sense an unholy aura.
n - a +2 dagger of draining (weapon)
You miss the crimson imp. The crimson imp misses you.
The crimson imp hits you with a +0 dagger of chaos.
You hit the crimson imp.
The crimson imp is lightly wounded.
The crimson imp closely misses you. The crimson imp misses you.
You hit the crimson imp.
The crimson imp is lightly wounded.
The crimson imp hits you.
The crimson imp hits you but does no damage.
You are poisoned.
You closely miss the crimson imp.
You feel sick. The crimson imp misses you.
The crimson imp blinks!
The crimson imp laughs crazily.
The crimson imp hits you but does no damage.
Space warps horribly around you!!
Ouch! That really hurt!
You die...

#.......###.#.#########..
#.......# #..## #..
######### #.## #.. #.#
#.. #####.# #.. ##§....#
#####.. #.§##### ##......
####5#### ####.###.#.
#(^..5@.# #...## ##..
###._5### #.#.# #..
#.^...^§# #.#.## ##..
####+#### #.#..###.##
#.#.#...... #.#.#......
#......#<#. ###..###.#.
##.# #...


You could see 3 crimson imps.

Vanquished Creatures
  A gnoll shaman (D:3)
  2 orc wizards (D:4)
  An orc priest (D:4)
  An iguana (D:4)
  3 worker ants (D:4)
  3 gnolls (D:4)
  5 adders
  2 worms
  5 dart slugs
  A leopard gecko (D:4)
  5 orcs (D:4)
  2 ball pythons
  6 bats
  5 giant cockroaches
  8 hobgoblins
  6 jackals (D:3)
  4 frilled lizards
  4 goblins
  10 kobolds
  2 rats
76 creatures vanquished.

Notes
Turn   | Place    | Note
-------+----------+-------------------------------------------
     0 | D:1      | Mevorra the Kobold Hunter began the quest for the Orb.
     0 | D:1      | Reached XP level 1. HP: 12/12 MP: 1/1
   183 | D:1      | Reached skill level 5 in Crossbows
   201 | D:1      | Reached XP level 2. HP: 17/17 MP: 2/2
   548 | D:2      | Reached XP level 3. HP: 18/21 MP: 3/3
   810 | D:2      | Reached skill level 6 in Crossbows
   812 | D:2      | Reached XP level 4. HP: 25/27 MP: 4/4
  1232 | D:3      | Found a hide-covered altar of Uskayaw.
  1232 | D:3      | Noticed a +0 hand axe
  1232 | D:3      | Noticed a +0 dagger
  1394 | D:3      | Reached XP level 5. HP: 31/31 MP: 5/5
  1443 | D:3      | Reached skill level 1 in Short Blades
  1660 | D:3      | Found a sacrificial altar of Ru.
  2004 | D:4      | Found a shadowy altar of Dithmenos.
  2029 | D:4      | Reached skill level 7 in Crossbows
  2046 | D:4      | Found a staircase to the Ecumenical Temple.
  2072 | Temple   | Entered the Ecumenical Temple
  2154 | Temple   | Became a worshipper of Qazlal Stormbringer
  2200 | D:4      | Reached XP level 6. HP: 29/37 MP: 6/6
  2328 | D:4      | Found a radiant altar of Vehumet.
  2374 | D:4      | Reached skill level 1 in Armour
  2590 | D:4      | Found a shimmering blue altar of Sif Muna.
  2716 | D:4      | Reached XP level 7. HP: 19/41 MP: 7/7
  2724 | D:4      | Found a shimmering altar of Xom.
  2733 | D:4      | Mangled by a crimson imp

Levels and vault maps discovered:
D:1:      minmay_arrival_loop, layout_basic
D:2:      layout_loops_cross, hangedman_decor_clover_reticule
D:3:      layout_loops_ring, dancing_weapons_uskayaw, hangedman_ru_absence
D:4:      layout_loops_cross, lemuel_doored_altar, vehumet_statue,
          kennysheep_mini, led_xom_imps, minmay_temple_entry_statues_fountains,
          first_ration
Temple:   jpeg_temple_island

Skill      XL: |  1  2  3  4  5  6 |
---------------+-------------------+-----
Crossbows      | 5 6 7 |  7.7
Dodging        | 3 |  3.5
Short Blades   | 1 2 |  2.1
Fighting       | 3 |  3.6
Armour         | 1 |  1.2
Stealth        | |  1.3

Action                   |  1- 3 |  4- 6 |  7- 9 || total
-------------------------+-------+-------+-------++-------
Melee: Dagger            |     9 |    90 |     4 ||   103
 Fire: Hand crossbow     |    48 |   107 |     3 ||   158
  Use: Potion            |       |     2 |       ||     2
 Stab: Sleeping          |       |     1 |       ||     1
  Eat: Chunk             |     4 |    10 |       ||    14
Armor: Leather armour    |     5 |    11 |     1 ||    17
Dodge: Dodged            |    19 |    89 |     4 ||   112
